Map: 16-Bit LE

Players

MMA

  • Race: Terran Terran
  • Spawn Location: 7:00

KeeN - Winner!

  • Race: Terran Terran
  • League: Master
  • Spawn Location: 1:00

VOD

Have the link to the VOD?

Description

TVT

Time

  • Played on: May 23, 2018, 12:01 a.m.
  • Length: 15:59
Show
View Real Time Build Order
Export as new Build Order

MMA Terran 

Build Orders: Mech 

Get SALT Encoding   

  12  0:00  SCV  
  13  0:12  SCV  
  14  0:18  Supply Depot  
  14  0:24  SCV  
  15  0:40  Barracks  
  15  0:42  SCV  
  16  0:49  Refinery  
  16  1:02  Barracks  
  16  1:06  SCV  
  17  1:12  Refinery  
  17  1:18  SCV  
  18  1:31  Reaper  
  19  1:36  Orbital Command  
  19  1:48  Supply Depot  
  19  1:54  Reaper  
  20  2:03  Reaper  
  20  2:06  SCV  
  22  2:18  Factory  
  22  2:24  SCV  
  22  2:26  Reaper  
  24  2:36  Reaper, SCV  
  25  2:49  SCV  
  27  3:09  Cyclone  
  28  3:13  Command Center  
  28  3:15  SCV  
  29  3:22  Supply Depot  
  28  3:31  SCV  
  29  3:43  Cyclone, SCV  
  33  3:57  SCV  
  33  3:58  Supply Depot  
  34  4:09  SCV  
  34  4:19  Command Center  
  34  4:21  Cyclone  
  34  4:23  SCV  
  37  4:28  Orbital Command  
  37  4:35  SCV  
  34  4:47  SCV  
  34  4:53  Barracks Reactor, Cyclone  
  38  5:00  SCV  
  38  5:05  SCV  
  38  5:12  SCV  
  38  5:18  SCV  
  39  5:24  SCV  
  39  5:25  Armory  
  39  5:26  Armory  
  40  5:29  Cyclone  
  40  5:30  SCV  
  43  5:36  Orbital Command, SCV  
  44  5:44  SCV  
  44  5:48  SCV  
  46  5:56  SCV  
  46  6:00  SCV  
  46  6:02  SCV  
  48  6:08  Refinery x2  
  48  6:09  SCV  
  49  6:14  SCV  
  50  6:20  Terran Vehicle Weapons Level 1, Terran Vehicle And Ship Armor Level 1  
  50  6:21  SCV  
  50  6:24  Barracks Tech Lab  
  51  6:26  SCV  
  51  6:29  Hellion x2  
  56  6:33  SCV x2  
  56  6:38  SCV  
  59  6:40  Supply Depot  
  59  6:42  Factory  
  59  6:43  Factory  
  59  6:45  SCV x2  
  61  6:51  SCV  
  66  6:57  SCV x2  
  66  7:01  Starport, Refinery  
  64  7:02  Refinery  
  64  7:03  SCV  
  64  7:05  Siege Tank  
  64  7:06  Barracks Reactor  
  68  7:09  Supply Depot, SCV x2  
  68  7:15  SCV  
  71  7:21  SCV x2  
  71  7:22  Supply Depot  
  73  7:27  SCV, Factory Tech Lab  
  74  7:33  SCV x2  
  74  7:37  Siege Tank  
  74  7:39  SCV  
  74  7:42  Engineering Bay  
  78  7:45  SCV x2  
  78  7:48  Hellion x2, Siege Tank  
  87  7:51  SCV  
  87  7:56  Viking  
  87  7:57  SCV, Viking  
  87  7:58  SCV  
  94  8:03  SCV  
  95  8:09  Siege Tank  
  95  8:10  SCV x2  
  94  8:13  Hellion  
  94  8:14  Hellion  
  94  8:18  SCV  
  94  8:20  Siege Tank  
  94  8:22  SCV x2  
  85  8:30  SCV  
  85  8:31  Viking x2  
  85  8:34  SCV x2  
  83  8:40  Missile Turret x2  
  84  8:42  Refinery, SCV  
  84  8:46  SCV x2  
  87  8:54  Siege Tank x2, SCV  
  94  8:58  SCV  
  94  8:59  Terran Vehicle Weapons Level 2  
  95  9:04  SCV  
  95  9:06  SCV  
  91  9:10  SCV  
  91  9:17  SCV  
  77  9:18  SCV  
  77  9:20  Hellion  
  77  9:22  SCV  
  72  9:24  Hellion  
  72  9:26  Siege Tank  
  72  9:29  SCV  
  72  9:30  SCV  
  78  9:34  SCV  
  78  9:35  Viking  
  78  9:37  Viking  
  83  9:41  SCV  
  83  9:44  Siege Tank  
  88  9:49  Terran Vehicle And Ship Armor Level 2  
  87  9:54  Factory  
  87  9:55  Factory  
  87  9:56  SCV x2  
  87  9:59  SCV  
  90  10:05  Viking  
  92  10:07  Viking  
  92  10:08  SCV x2  
  92  10:11  SCV  
  92  10:13  Hellion x2  
  97  10:17  Sensor Tower  
  97  10:26  Sensor Tower  
  95  10:29  Supply Depot x2  
  95  10:32  SCV x2  
  95  10:33  SCV  
  98  10:40  Factory Tech Lab, Factory Reactor  
  98  10:48  Supply Depot  
  100  10:50  Supply Depot  
  100  10:56  Siege Tank x2  
  104  10:57  Viking  
  104  10:58  Viking  
  104  11:00  Hellion x2  
  112  11:04  Siege Tank  
  115  11:13  Command Center  
  115  11:23  Supply Depot x2  
  115  11:35  SCV x3  
  115  11:38  Thor x2  
  128  11:46  Thor  
  130  11:55  Supply Depot  
  130  12:05  Hellion x4  
  130  12:06  Smart Servos  
  138  12:20  SCV  
  140  12:25  Siege Tank x2  
  136  12:33  Hellion x3  
  122  12:48  Siege Tank  
  122  12:50  Hellion  
  124  12:54  Hellion x2  
  124  12:55  Hellion  
  120  13:01  Orbital Command  
  120  13:04  Hellion  
  120  13:05  Hellion  
  123  13:09  SCV x2  
  125  13:17  Hellion x2  
  129  13:21  Hellion  
  131  13:28  SCV x2  
  131  13:30  SCV  
  114  13:42  Siege Tank x2  
  114  13:43  Siege Tank  
  114  13:44  Planetary Fortress  
  114  13:45  SCV  
  114  13:46  SCV  
  125  13:52  SCV  
  126  13:57  Hellion x2, SCV  
  126  13:58  Hellion, SCV  
  126  14:01  Hellion  
  136  14:04  SCV  
  136  14:09  SCV  
  138  14:10  SCV  
  138  14:16  Siege Tank x2  
  145  14:21  SCV  
  145  14:22  SCV  
  130  14:26  Siege Tank  
  130  14:28  Hellion x2  
  130  14:29  Hellion  
  108  14:31  SCV  
  108  14:32  SCV  
  108  14:34  SCV  
  108  14:35  SCV  
  109  14:40  Medivac x2  
  113  14:48  Siege Tank x2  
  113  14:49  Hellion  
  113  14:50  Hellion  
  113  14:52  Hellion  
  123  14:57  Refinery x2, Hellion  
  125  15:06  Missile Turret x2  
  125  15:12  SCV  
  125  15:13  SCV x2  
  129  15:14  SCV  
  129  15:20  Siege Tank x2  
  135  15:21  Siege Tank  
  135  15:23  Hellion  
  131  15:30  SCV x3  
  107  15:42  SCV  
  107  15:43  SCV x2  
Show
View Real Time Build Order
Export as new Build Order

KeeN Terran - Winner!

Build Orders: MMM Bio 

Get SALT Encoding   

  12  0:00  SCV  
  13  0:12  SCV  
  14  0:17  Supply Depot  
  14  0:24  SCV  
  15  0:29  Refinery  
  15  0:39  SCV  
  16  0:46  Barracks  
  16  0:51  SCV  
  17  0:58  Refinery  
  17  1:03  SCV  
  18  1:15  SCV  
  20  1:33  Orbital Command  
  20  1:34  Factory  
  20  1:38  Reaper  
  20  1:49  Supply Depot  
  20  1:58  SCV  
  21  2:10  Reaper, SCV  
  23  2:18  Hellion  
  25  2:28  Command Center  
  25  2:32  SCV  
  26  2:47  Hellion  
  26  2:49  Reaper, SCV  
  26  3:00  Starport  
  26  3:01  SCV  
  26  3:04  Supply Depot  
  27  3:09  Hellion  
  29  3:14  SCV  
  30  3:26  Reaper  
  31  3:28  SCV  
  35  3:34  Cyclone  
  35  3:36  Medivac  
  35  3:40  SCV  
  38  3:47  Orbital Command  
  38  3:52  SCV  
  39  3:58  Barracks Reactor  
  39  4:05  SCV  
  40  4:14  Liberator  
  40  4:20  SCV  
  39  4:25  Cyclone  
  45  4:33  SCV x2  
  45  4:36  Supply Depot  
  45  4:39  Command Center  
  45  4:45  Marine x2, SCV x2  
  46  4:50  Refinery  
  47  4:57  SCV x2  
  49  5:03  Marine x2  
  51  5:09  Cyclone, SCV x2  
  54  5:15  Starport Tech Lab  
  55  5:21  SCV x2  
  56  5:29  Barracks, Barracks Tech Lab  
  56  5:30  Barracks  
  56  5:33  SCV x2  
  58  5:37  Refinery  
  58  5:38  Raven  
  60  5:45  SCV x2  
  60  5:46  Factory Reactor  
  60  5:48  Stimpack  
  62  5:50  Marine  
  62  5:52  Orbital Command  
  62  5:54  Supply Depot  
  63  6:00  SCV x2  
  63  6:01  Engineering Bay  
  63  6:02  Engineering Bay  
  65  6:12  SCV  
  65  6:13  Marine, SCV  
  68  6:19  Marine x2  
  68  6:20  Barracks Reactor  
  68  6:24  Barracks  
  70  6:26  Barracks  
  70  6:28  SCV  
  70  6:29  SCV  
  70  6:30  Orbital Command, Starport Reactor  
  69  6:32  Terran Infantry Weapons Level 1  
  69  6:34  Terran Infantry Armor Level 1  
  69  6:35  Marine  
  70  6:41  Marine x2  
  70  6:43  Siege Tank  
  70  6:44  SCV  
  70  6:45  SCV  
  77  6:50  Medivac  
  77  6:53  Marine  
  80  6:54  Medivac  
  80  6:57  Supply Depot  
  80  6:58  Marine, SCV  
  84  7:01  SCV x2  
  84  7:05  Supply Depot  
  84  7:07  Supply Depot  
  86  7:10  SCV  
  86  7:13  SCV  
  86  7:14  SCV  
  89  7:17  Barracks Tech Lab x2  
  89  7:18  Siege Tank  
  92  7:23  Marine x3, SCV  
  92  7:25  SCV  
  97  7:32  Marine x2  
  97  7:33  SCV  
  97  7:35  SCV  
  101  7:38  SCV  
  101  7:39  Medivac x2  
  101  7:40  Marine  
  101  7:41  Concussive Shells  
  101  7:44  Marauder x2  
  111  7:48  SCV x2  
  111  7:49  Combat Shields  
  111  7:50  SCV  
  111  7:51  Supply Depot x2  
  114  7:56  Armory  
  114  8:06  Marauder  
  114  8:09  Supply Depot  
  114  8:10  Supply Depot  
  114  8:11  Supply Depot  
  120  8:13  Marauder x2  
  120  8:15  SCV x3  
  121  8:22  Marine  
  121  8:23  Marine  
  110  8:27  Marauder, Liberator, SCV x3  
  110  8:31  Liberator  
  110  8:32  Marine x2  
  119  8:34  Marauder x2  
  119  8:38  Refinery  
  119  8:39  Refinery, SCV  
  119  8:40  Supply Depot  
  119  8:41  Supply Depot, Siege Tank  
  129  8:53  Marine x2  
  131  8:58  Marine x5  
  131  9:00  Terran Infantry Weapons Level 2  
  128  9:11  Marine x2  
  128  9:16  Marine  
  120  9:17  Marauder  
  120  9:18  Marine x2  
  120  9:19  Marauder  
  116  9:27  Medivac  
  116  9:29  Marine x2  
  116  9:31  Medivac  
  120  9:34  Marine  
  120  9:36  Marauder, Marine  
  120  9:38  Marauder  
  124  9:42  Marine  
  117  9:47  Marine x2  
  117  9:49  Barracks  
  117  9:50  Barracks  
  117  9:51  Barracks  
  119  9:57  Medivac  
  119  9:58  Marauder  
  119  9:59  Marauder  
  125  10:00  Marauder, Marine x2  
  125  10:01  Medivac  
  125  10:04  Marine x2  
  133  10:09  Command Center  
  123  10:19  Marauder, Terran Infantry Armor Level 2  
  123  10:21  Marauder, Terran Ship Weapons Level 1  
  127  10:24  Siege Tank  
  127  10:27  Marauder, Medivac  
  134  10:30  Medivac  
  136  10:37  Marine  
  136  10:41  Marauder  
  139  10:42  Command Center  
  139  10:47  Barracks Reactor, Barracks Tech Lab x2  
  139  10:54  Marauder x2  
  139  10:55  Marine x2  
  145  10:59  Ghost Academy, Siege Tank  
  145  11:00  Medivac  
  145  11:01  Medivac  
  145  11:02  Marauder  
  154  11:09  Marauder x2, Marine x2  
  160  11:16  Marauder  
  162  11:19  Marauder  
  162  11:23  Planetary Fortress  
  164  11:29  Marauder, Marine x2  
  164  11:30  Marauder x2, Marine  
  164  11:32  Medivac  
  175  11:36  Siege Tank  
  164  11:50  Personal Cloaking  
  164  11:52  Marauder, Marine x2  
  164  11:53  Marauder, Marine x2  
  172  11:55  Marine x2  
  172  11:56  Marauder  
  172  11:59  Planetary Fortress  
  176  12:04  SCV x3  
  176  12:06  SCV  
  176  12:07  Refinery  
  180  12:16  SCV x3  
  180  12:18  SCV  
  179  12:30  SCV  
  179  12:31  Marauder x3, Marine x3  
  179  12:33  Medivac  
  179  12:34  Medivac  
  174  12:42  Marauder, Marine x2  
  167  12:46  Marine x2  
  158  12:52  Marauder  
  158  12:58  Marauder x2, Marine x2  
  134  13:01  Marine x3  
  134  13:04  Marauder x2  
  134  13:05  Terran Infantry Armor Level 3, Terran Infantry Weapons Level 3  
  137  13:08  Marine  
  137  13:10  Medivac, Barracks  
  137  13:11  Barracks x2  
  140  13:13  Marauder  
  140  13:15  Marine  
  140  13:16  Nuke  
  140  13:18  SCV  
  144  13:22  Marine x2  
  144  13:23  Marauder  
  146  13:30  SCV  
  133  13:35  Marine  
  133  13:36  Marauder x2  
  133  13:39  Marine x4  
  133  13:40  Marauder  
  113  13:42  Medivac x2, SCV  
  113  13:43  Marine x2  
  113  13:44  Marauder  
  122  13:51  Siege Tank  
  122  13:53  Marine  
  126  13:57  Marine x3  
  126  13:58  Marauder  
  126  13:59  Marine x3  
  126  14:00  Marine  
  126  14:01  Marauder, Marine  
  126  14:02  Ghost  
  140  14:05  Marine x2  
  142  14:11  Marine  
  142  14:14  Medivac x2  
  142  14:15  Marauder, Marine x2  
  149  14:17  Marine  
  149  14:19  Marauder  
  149  14:23  Marauder, Marine x2  
  139  14:24  Marauder  
  139  14:25  SCV x3  
  121  14:37  SCV x3  
  123  14:38  SCV  
  123  14:43  SCV  
  123  14:44  Barracks Tech Lab x2  
  123  14:45  Barracks Reactor  
  124  14:49  SCV x3  
  124  14:50  SCV  
  124  14:51  Medivac x2  
  124  14:52  Marauder x2, Marine x2  
  137  14:55  SCV  
  138  15:01  SCV x2  
  138  15:02  SCV x2  
  138  15:05  Siege Tank  
  145  15:07  SCV  
  145  15:08  Nuke  
  145  15:13  SCV x2  
  145  15:14  SCV  
  149  15:19  Marauder x3  
  149  15:20  Marauder, Marine x4  
  161  15:25  SCV  
  161  15:26  SCV  
  161  15:28  SCV  
  164  15:29  Supply Depot  
  164  15:31  Supply Depot  
  162  15:40  SCV  
  162  15:41  Marine  
Tags
 
Composition
MMM BioMech
League
Master
Matchup
TvT
Player
KeeN
Race
Terran
Spawn Locations
Cross Positions
Add a new tag
Caveats
  • Supply blocks, unpowered buildings, or Contaminate may cause inaccurate times.
  • Supply counts are checked every 10 seconds.